NWL (28 & UNDER)
SAN DIEGO SMASHERS @ CULVER CITY EXTRAS
06/18/2023
 
TOP OF THE 1ST
San Diego Smashers batting - Pitching for Culver City Extras : RHP Javier Toledo
Pitching: RHP Javier Toledo
Batting: RHB Francisco Castillo 0-0: Ball
1-0: Ground out 5-3 (Groundball, 5)
Batting: RHB Cisco Gatán 0-0: Foul Ball, location: 2F
0-1: Hit by Pitch
Batting: LHB António Glaviz 0-0: Ball
1-0: Foul Ball, location: 2F
1-1: 2-RUN HOME RUN (Flyball, 9LD), Distance : 356 ft
Batting: LHB Jeffrey Bascombe 0-0: Ball
1-0: Ball
2-0: Ball
3-0: Called Strike
3-1: SINGLE (Groundball, 4M)
Batting: LHB Pedro Cruz 0-0: Ball
1-0: SINGLE (Line Drive, 89S)
Jeffrey Bascombe to second
Batting: LHB Raúl Guerra 0-0: Ball
1-0: Ball
2-0: Ball
3-0: Called Strike
3-1: Base on Balls
Jeffrey Bascombe to third
Pedro Cruz to second
Batting: RHB Javier García 0-0: Ball
1-0: Ball
2-0: SINGLE (Line Drive, 6D)
Jeffrey Bascombe scores
Pedro Cruz to third
Raúl Guerra to second
Runner from 3rd tries for Home, SAFE, no throw or cutoff
Batting: RHB Armando Cruz 0-0: Called Strike
0-1: SINGLE (Line Drive, 9LS)
Raúl Guerra to third
Javier García to second
Batting: RHB Justin Burgess 0-0: Called Strike
0-1: Called Strike
0-2: SINGLE (Groundball, 4M)
Raúl Guerra scores
Javier García to third
Armando Cruz to second
Runner from 3rd tries for Home, SAFE, throw made home
Armando Cruz to third
Justin Burgess to second
Batting: RHB Francisco Castillo 0-0: Ball
1-0: SINGLE (Groundball, 56D)
Armando Cruz scores
Justin Burgess to third
Runner from 3rd tries for Home, SAFE, no throw or cutoff
Pitching: RHP Don Barnes
Batting: RHB Cisco Gatán 0-0: Ball
1-0: Called Strike
1-1: Foul Ball, location: 2F
1-2: Foul Ball, location: 2F
1-2: Fly out, F8 (Popup, 4MD)
Batting: LHB António Glaviz 0-0: Called Strike
0-1: Foul Ball, location: 2F
0-2: Ball
1-2: Ball
2-2: Foul Ball, location: 2F
2-2: Foul Ball, location: 2F
2-2: Ball
3-2: Strikes out swinging
Top of the 1st over - 8 run(s), 7 hit(s), 0 error(s), 1 left on base; San Diego 8 - Culver City 0
BOTTOM OF THE 1ST
Culver City Extras batting - Pitching for San Diego Smashers : LHP Juan Barrera
Pitching: LHP Juan Barrera
Batting: RHB Salvador Medine 0-0: Ground out 6-3 (Groundball, 6)
Batting: RHB Marvin Workman 0-0: Called Strike
0-1: Foul Ball, location: 2F
0-2: Fly out, F4 (Popup, 4MD)
Batting: RHB Oscar Rudd 0-0: Fly out, F9 (Flyball, 9S)
Bottom of the 1st over - 0 run(s), 0 hit(s), 0 error(s), 0 left on base; San Diego 8 - Culver City 0
TOP OF THE 2ND
San Diego Smashers batting - Pitching for Culver City Extras : RHP Don Barnes
Batting: LHB Jeffrey Bascombe 0-0: Ground out 5-3 (Groundball, 56)
Batting: LHB Pedro Cruz 0-0: Foul Ball, location: 2F
0-1: Ground out 4-3 (Groundball, 34)
Batting: LHB Raúl Guerra 0-0: Foul Ball, location: 2F
0-1: Ground out 4-3 (Groundball, 34)
Top of the 2nd over - 0 run(s), 0 hit(s), 0 error(s), 0 left on base; San Diego 8 - Culver City 0
BOTTOM OF THE 2ND
Culver City Extras batting - Pitching for San Diego Smashers : LHP Juan Barrera
Batting: RHB Enrique Flores 0-0: Called Strike
0-1: Ball
1-1: SINGLE (Line Drive, 7S)
Batting: RHB Francisco Rodríguez 0-0: Called Strike
0-1: Ball
1-1: Ball
2-1: Grounds into double play, 5-4-3 (Groundball, 56)
Batting: RHB Paul Ayers 0-0: Fly out, F7 (Flyball, 7S)
Bottom of the 2nd over - 0 run(s), 1 hit(s), 0 error(s), 0 left on base; San Diego 8 - Culver City 0
TOP OF THE 3RD
San Diego Smashers batting - Pitching for Culver City Extras : RHP Don Barnes
Batting: RHB Javier García 0-0: Called Strike
0-1: Called Strike
0-2: Ball
1-2: SINGLE (Groundball, 6M)
Batting: RHB Armando Cruz 0-0: Foul Ball, location: 2F
0-1: Swinging Strike
0-2: Ball
1-2: Strikes out swinging
Batting: RHB Justin Burgess 0-0: Fly out, F9 (Flyball, 9M)
Batting: RHB Francisco Castillo 0-0: Called Strike
0-1: Called Strike
0-2: Strikes out swinging
Top of the 3rd over - 0 run(s), 1 hit(s), 0 error(s), 1 left on base; San Diego 8 - Culver City 0
BOTTOM OF THE 3RD
Culver City Extras batting - Pitching for San Diego Smashers : LHP Juan Barrera
Batting: RHB Jesús Aquino 0-0: Ground out 5-3 (Groundball, 56S)
Batting: LHB Ronaldo Gois 0-0: Ball
1-0: Ball
2-0: Ball
3-0: Base on Balls
Batting: LHB Alan Olson 0-0: Called Strike
0-1: Foul Ball, location: 2F
0-2: Ball
1-2: Ball
2-2: Foul Ball, location: 2F
2-2: Strikes out swinging
Batting: RHB Salvador Medine 0-0: Fielders Choice at 2nd, 5-4 (Groundball, 56)
Bottom of the 3rd over - 0 run(s), 0 hit(s), 0 error(s), 0 left on base; San Diego 8 - Culver City 0
TOP OF THE 4TH
San Diego Smashers batting - Pitching for Culver City Extras : RHP Don Barnes
Batting: RHB Cisco Gatán 0-0: Swinging Strike
0-1: Swinging Strike
0-2: Foul Ball, location: 2F
0-2: Strikes out swinging
Batting: LHB António Glaviz 0-0: Ball
1-0: Ball
2-0: SOLO HOME RUN (Flyball, 9D), Distance : 387 ft
Batting: LHB Jeffrey Bascombe 0-0: Fly out, F9 (Flyball, 89S)
Batting: LHB Pedro Cruz 0-0: Ball
1-0: Ball
2-0: SINGLE (Groundball, 56D)
Batting: LHB Raúl Guerra 0-0: Called Strike
0-1: Ball
1-1: Ball
2-1: Swinging Strike
2-2: Ball
Pedro Cruz steals 2nd base
3-2: Fly out, F7 (Line Drive, 78D)
Top of the 4th over - 1 run(s), 2 hit(s), 0 error(s), 1 left on base; San Diego 9 - Culver City 0
BOTTOM OF THE 4TH
Culver City Extras batting - Pitching for San Diego Smashers : LHP Juan Barrera
Batting: RHB Marvin Workman 0-0: Ball
1-0: Foul Ball, location: 2F
1-1: Foul Ball, location: 2F
1-2: Fly out, F9 (Flyball, 89M)
Batting: RHB Oscar Rudd 0-0: Foul Ball, location: 2F
0-1: Ball
1-1: Fly out, F4 (Line Drive, 4M)
Batting: RHB Enrique Flores 0-0: Foul Ball, location: 2F
0-1: Ball
1-1: Swinging Strike
1-2: Ball
2-2: Ball
3-2: Foul Ball, location: 2F
3-2: Foul Ball, location: 2F
3-2: Ground out 4-3 (Groundball, 4)
Bottom of the 4th over - 0 run(s), 0 hit(s), 0 error(s), 0 left on base; San Diego 9 - Culver City 0
TOP OF THE 5TH
San Diego Smashers batting - Pitching for Culver City Extras : RHP Don Barnes
Batting: RHB Javier García 0-0: Ball
1-0: TRIPLE (Line Drive, 9LM)
Batting: RHB Armando Cruz 0-0: Ball
1-0: Ball
2-0: Called Strike
2-1: Ground out 6-3 (Groundball, 6)
Javier García scores
Batting: RHB Justin Burgess 0-0: Fly out, F9 (Flyball, 9LS)
Batting: RHB Francisco Castillo 0-0: Ball
1-0: Foul Ball, location: 2F
1-1: Ball
2-1: Called Strike
2-2: Ball
3-2: Base on Balls
Batting: RHB Cisco Gatán 0-0: Ball
1-0: Swinging Strike
1-1: Called Strike
1-2: Ball
2-2: Strikes out swinging
Top of the 5th over - 1 run(s), 1 hit(s), 0 error(s), 1 left on base; San Diego 10 - Culver City 0
BOTTOM OF THE 5TH
Culver City Extras batting - Pitching for San Diego Smashers : LHP Juan Barrera
Batting: RHB Francisco Rodríguez 0-0: Foul Ball, location: 2F
0-1: SINGLE (Line Drive, 8RS)
Batting: RHB Paul Ayers 0-0: Ball
1-0: Called Strike
1-1: Ball
2-1: Swinging Strike
2-2: Foul Ball, location: 2F
2-2: Foul Ball, location: 2F
2-2: Foul Ball, location: 2F
2-2: Foul Ball, location: 2F
2-2: Strikes out looking
Batting: RHB Jesús Aquino 0-0: Called Strike
0-1: Ball
1-1: Foul Ball, location: 2F
Pickoff Throw to First - Error! E1
Francisco Rodríguez to second
1-2: Ball
2-2: Foul Ball, location: 2F
2-2: Fly out, F3 (Popup, 3SF)
Batting: LHB Ronaldo Gois 0-0: Ball
1-0: Swinging Strike
1-1: Ball
2-1: Fly out, F7 (Flyball, 7M)
Bottom of the 5th over - 0 run(s), 1 hit(s), 1 error(s), 1 left on base; San Diego 10 - Culver City 0
TOP OF THE 6TH
San Diego Smashers batting - Pitching for Culver City Extras : RHP Don Barnes
Batting: LHB António Glaviz 0-0: Ball
1-0: Ball
2-0: Called Strike
2-1: Ball
3-1: Base on Balls
Batting: LHB Jeffrey Bascombe 0-0: Called Strike
0-1: Ball
António Glaviz steals 2nd base
1-1: Ball
2-1: Ball
3-1: Fly out, F1 (Popup, 13S)
Batting: LHB Pedro Cruz 0-0: Ball
1-0: Called Strike
1-1: Fly out, F8 (Flyball, 8LM)
Batting: LHB Raúl Guerra 0-0: Called Strike
0-1: Called Strike
0-2: Ball
1-2: Ball
2-2: Strikes out looking
Top of the 6th over - 0 run(s), 0 hit(s), 0 error(s), 1 left on base; San Diego 10 - Culver City 0
BOTTOM OF THE 6TH
Culver City Extras batting - Pitching for San Diego Smashers : LHP Juan Barrera
Pinch Hitting: RHB Mario López 0-0: Called Strike
0-1: Swinging Strike
0-2: Foul Ball, location: 2F
0-2: Ball
1-2: SOLO HOME RUN (Flyball, 7D), Distance : 379 ft
Batting: RHB Salvador Medine 0-0: Ball
1-0: Ball
2-0: Called Strike
2-1: Foul Ball, location: 2F
2-2: Ball
3-2: Foul Ball, location: 2F
3-2: SINGLE (Groundball, 34)
Batting: RHB Marvin Workman 0-0: Swinging Strike
0-1: Ground out 3-1 (Groundball, 34S)
Salvador Medine to second
Batting: RHB Oscar Rudd 0-0: Ball
1-0: Called Strike
1-1: Ball
2-1: Ball
3-1: Base on Balls
Batting: RHB Enrique Flores 0-0: Called Strike
0-1: Ball
1-1: Foul Ball, location: 2F
1-2: Foul Ball, location: 2F
1-2: Ground out 5-3 (Groundball, 56S)
Salvador Medine to third
Oscar Rudd to second
Batting: RHB Francisco Rodríguez 0-0: Foul Ball, location: 2F
0-1: Foul Ball, location: 2F
0-2: Foul Ball, location: 2F
0-2: Strikes out swinging
Bottom of the 6th over - 1 run(s), 2 hit(s), 0 error(s), 2 left on base; San Diego 10 - Culver City 1
TOP OF THE 7TH
San Diego Smashers batting - Pitching for Culver City Extras : RHP Don Barnes
Pitching: RHP Jeff Lynn
Now in CF: Jason Lambert
Batting: RHB Javier García 0-0: Foul Ball, location: 2F
0-1: Ball
1-1: Ball
2-1: Fly out, F8 (Flyball, 8RM)
Batting: RHB Armando Cruz 0-0: Called Strike
0-1: Ball
1-1: SINGLE (Groundball, 56)
Batting: RHB Justin Burgess 0-0: Ball
1-0: Swinging Strike
1-1: Foul Ball, location: 2F
1-2: Strikes out swinging
Batting: RHB Francisco Castillo 0-0: Ball
1-0: Fielders Choice at 2nd, U6 (Groundball, 6M)
Top of the 7th over - 0 run(s), 1 hit(s), 0 error(s), 1 left on base; San Diego 10 - Culver City 1
BOTTOM OF THE 7TH
Culver City Extras batting - Pitching for San Diego Smashers : LHP Juan Barrera
Batting: RHB Paul Ayers 0-0: Ball
1-0: Ball
2-0: Ball
3-0: Called Strike
3-1: Base on Balls
Pitching: RHP Javier Barrón
Batting: RHB Jesús Aquino 0-0: Foul Ball, location: 2F
0-1: Called Strike
0-2: Ball
1-2: Strikes out swinging
Batting: LHB Ronaldo Gois 0-0: Ball
Pickoff Throw to First - Error! E1
Paul Ayers to second
1-0: Swinging Strike
1-1: Foul Ball, location: 2F
1-2: Ball
2-2: Ball
3-2: Foul Ball, location: 2F
3-2: Strikes out looking
Batting: LHB Jason Lambert 0-0: Called Strike
0-1: Ball
1-1: Called Strike
1-2: Strikes out looking
Bottom of the 7th over - 0 run(s), 0 hit(s), 1 error(s), 1 left on base; San Diego 10 - Culver City 1
TOP OF THE 8TH
San Diego Smashers batting - Pitching for Culver City Extras : RHP Jeff Lynn
Batting: RHB Cisco Gatán 0-0: Fly out, F7 (Flyball, 78M)
Batting: LHB António Glaviz 0-0: Ball
1-0: Foul Ball, location: 2F
1-1: Ball
2-1: Ball
3-1: Called Strike
3-2: Base on Balls
Batting: LHB Jeffrey Bascombe 0-0: Ball
1-0: Fielders Choice at 2nd, 3-6 (Groundball, 3)
Batting: LHB Pedro Cruz 0-0: Called Strike
0-1: Fielders Choice at 2nd, 6-4 (Groundball, 6)
Top of the 8th over - 0 run(s), 0 hit(s), 0 error(s), 0 left on base; San Diego 10 - Culver City 1
BOTTOM OF THE 8TH
Culver City Extras batting - Pitching for San Diego Smashers : RHP Javier Barrón
Batting: RHB Salvador Medine 0-0: Called Strike
0-1: Ball
1-1: Foul Ball, location: 2F
1-2: Strikes out looking
Batting: RHB Marvin Workman 0-0: Ball
1-0: Foul Ball, location: 2F
1-1: Ball
2-1: DOUBLE (Line Drive, 8LXD)
Batting: RHB Oscar Rudd 0-0: Called Strike
0-1: Ball
1-1: Swinging Strike
1-2: Fly out, F6 (Popup, 4MD)
Batting: RHB Enrique Flores 0-0: Called Strike
0-1: Swinging Strike
0-2: Ball
1-2: 2-RUN HOME RUN (Line Drive, 78XD), Distance : 416 ft
Batting: RHB Francisco Rodríguez 0-0: Ball
1-0: Ball
2-0: Ball
3-0: Base on Balls
Batting: RHB Paul Ayers 0-0: Ball
1-0: Swinging Strike
1-1: Ball
2-1: Foul Ball, location: 2F
2-2: Foul Ball, location: 2F
2-2: DOUBLE (Line Drive, 7LS)
Francisco Rodríguez to third
Runner from 3rd tries for Home, SAFE, no throw or cutoff
Batting: RHB Jesús Aquino 0-0: Called Strike
0-1: Ball
1-1: Swinging Strike
1-2: Strikes out looking
Bottom of the 8th over - 3 run(s), 3 hit(s), 0 error(s), 1 left on base; San Diego 10 - Culver City 4
TOP OF THE 9TH
San Diego Smashers batting - Pitching for Culver City Extras : RHP Jeff Lynn
Batting: LHB Raúl Guerra 0-0: Fly out, F8 (Flyball, 8LD)
Batting: RHB Javier García 0-0: Ball
1-0: Foul Ball, location: 2F
1-1: Foul Ball, location: 2F
1-2: Strikes out swinging
Batting: RHB Armando Cruz 0-0: SINGLE (Line Drive, 9S)
Batting: RHB Justin Burgess 0-0: Ball
1-0: Ball
2-0: Ball
3-0: Called Strike
3-1: DOUBLE (Flyball, 89XD)
Armando Cruz to third
Batting: RHB Francisco Castillo 0-0: Ball
1-0: Called Strike
1-1: Ball
2-1: Fly out, F7 (Flyball, 7LDF)
Top of the 9th over - 0 run(s), 2 hit(s), 0 error(s), 2 left on base; San Diego 10 - Culver City 4
BOTTOM OF THE 9TH
Culver City Extras batting - Pitching for San Diego Smashers : RHP Javier Barrón
Now at 1B: Alfredo Fernández
Now at 2B: José González
Now in RF: Yoshitoki Kouda
Batting: LHB Ronaldo Gois 0-0: Ball
1-0: Foul Ball, location: 2F
1-1: Fly out, F7 (Flyball, 78M)
Batting: LHB Jason Lambert 0-0: Ball
1-0: Swinging Strike
1-1: Called Strike
1-2: Ball
2-2: SINGLE (Line Drive, 3D)
Pitching: RHP Warren Johnson
Batting: RHB Salvador Medine 0-0: Swinging Strike
0-1: Ball
1-1: Ball
2-1: Foul Ball, location: 2F
2-2: Ball
3-2: Base on Balls
Jason Lambert to second
Batting: RHB Marvin Workman 0-0: Called Strike
0-1: Ball
1-1: SINGLE (Groundball, 56)
Jason Lambert to third
Salvador Medine to second
Batting: RHB Oscar Rudd 0-0: Called Strike
0-1: Ball
1-1: Ball
2-1: Foul Ball, location: 2F
2-2: Foul Ball, location: 2F
2-2: Fly out, F2 (Popup, 23F)
Batting: RHB Enrique Flores 0-0: SINGLE (Flyball, 89S)
Jason Lambert scores
Salvador Medine to third
Marvin Workman to second
Runner from 3rd tries for Home, SAFE, no throw or cutoff
Pitching: RHP Mark Ross
Batting: RHB Francisco Rodríguez 0-0: Ball
1-0: Ground out U3 (Groundball, 3S)
Bottom of the 9th over - 2 run(s), 3 hit(s), 0 error(s), 2 left on base; San Diego 10 - Culver City 6
This league is powered by Out of the Park Baseball, the baseball management simulation game for PC, Mac and Linux
Wednesday, December 2nd, 2015 - OOTP Baseball 16.8 Build 38